AoeStats
← ...

Black Forest

510836542Analyzed
2v2 RM · 1d ago on Oct 2, 2026· 48m 59s· 4 players
Game mode
Random Map
Map size
Medium (4 player)
Population
200
Speed
Normal
Resources
Standard
Victory
Conquest
Starting age
Dark Age
Ending age
Imperial Age
RankedLock teamsTeams togetherTeam positionsShared explorationLock speedFull tech treeHidden civsTurbo modeCheats
Victory
Defeat
1146
+15
🇵🇪 Spanish · Peru
1098
+17
🇳🇱 Slavs · Netherlands
1116
-16
🇫🇷 Burgundians · France
1114
-16
dorshiffe10
0:53 Loom
9:43 Feudal Age
8:35 Double-Bit Axe
9:48 Man-at-Arms
11:26 Horse Collar
12:33 Arson
22:20 Castle Age
20:39 Bow Saw
21:19 Heavy Plow
21:10 Gold Mining
21:11 Stone Mining
22:29 Wheelbarrow
29:19 Two-Man Saw
28:27 Scale Barding Armor
28:35 Forging
33:07 Imperial Age
32:25 Gold Shaft Mining
32:25 Stone Shaft Mining
32:12 Hand Cart
33:11 Chain Barding Armor
34:07 Fletching
34:29 Fortified Wall
34:39 Ballistics
35:03 Crop Rotation
34:21 Town Watch
34:50 Cavalier
36:53 Plate Barding Armor
37:21 Town Patrol
37:36 Masonry
38:46 Guilds
41:15 Chemistry
40:46 Architecture
40:11 Murder Holes
39:56 Treadmill Crane
40:04 Arrowslits
40:21 Bodkin Arrow
41:01 Iron Casting
39:48 Paladin
41:49 Block Printing
41:54 Sanctity
41:45 Fervor
41:56 Padded Archer Armor
41:56 Bracer
42:00 Guard Tower
45:15 Keep
44:09 Light Cavalry
44:49 Husbandry
45:41 Hussar
48:23 Burgundian Vineyards
Wiseguy
0:45 Loom
14:17 Feudal Age
18:13 Castle Age
16:29 Double-Bit Axe
17:06 Horse Collar
19:16 Bow Saw
21:29 Heavy Plow
24:52 Gold Mining
25:40 Bloodlines
25:42 Scale Barding Armor
26:33 Wheelbarrow
27:42 Stone Mining
28:53 Forging
29:06 Husbandry
30:26 Hand Cart
32:38 Fletching
35:40 Imperial Age
33:18 Bodkin Arrow
33:53 Detinets
34:57 Gold Shaft Mining
35:12 Chain Barding Armor
37:35 Crop Rotation
38:06 Two-Man Saw
36:54 Town Watch
38:11 Chemistry
39:07 Masonry
38:57 Heavy Scorpion
40:14 Plate Barding Armor
40:09 Light Cavalry
41:48 Iron Casting
41:47 Ballistics
40:58 Hussar
42:55 Coinage
42:27 Caravan
44:29 Siege Engineers
45:26 Blast Furnace
Алгоритм выполне
3:56 Loom
11:56 Feudal Age
16:16 Castle Age
16:09 Horse Collar
16:02 Man-at-Arms
24:26 Horse Collar
26:35 Town Watch
28:00 Gold Mining
29:52 Wheelbarrow
29:19 Heavy Plow
30:30 Bloodlines
30:04 Pikeman
31:27 Stone Mining
31:24 Double-Bit Axe
36:54 Imperial Age
35:08 Gold Shaft Mining
34:51 Scale Barding Armor
36:25 Chain Barding Armor
38:33 Crop Rotation
38:22 Hand Cart
38:05 Cavalier
39:39 Husbandry
40:04 Caravan
41:48 Conscription
42:09 Hoardings
40:54 Elite Magyar Huszar
41:19 Paladin
43:25 Plate Barding Armor
43:41 Bow Saw
44:23 Onager
48:26 Scale Mail Armor
47:49 Long Swordsman
48:16 Arson
...
12:22 Feudal Age
12:19 Loom
15:53 Castle Age
13:44 Double-Bit Axe
14:36 Horse Collar
14:50 Stone Mining
18:15 Scale Barding Armor
25:56 Heavy Plow
27:58 Bow Saw
28:44 Forging
28:56 Chain Barding Armor
29:03 Gold Mining
29:50 Stone Shaft Mining
31:01 Wheelbarrow
30:52 Ballistics
35:13 Imperial Age
33:41 Hand Cart
33:45 Masonry
34:13 Town Watch
38:35 Plate Barding Armor
38:02 Husbandry
38:12 Bloodlines
39:17 Chemistry
38:47 Architecture
39:08 Elite Conquistador
40:11 Conscription
48:24 Caravan
Connection lost

Rejoining the realm…

Still unreachable

The connection could not be restored.

Session expired

The server has moved on; the page needs a fresh start.